 Dungeon Crawl Stone Soup version 0.27.1-34-g3ba077fa99 (console) character file.

Game seed: 2107654740837126269

22 toffzen the Shield-Bearer (level 2, 0/19 HPs)
             Began as a Gargoyle Fighter on Jan 17, 2022.
             Slain by an adder (2 damage)
             ... on level 1 of the Dungeon.
             The game lasted 00:01:56 (1174 turns).

toffzen the Shield-Bearer (Gargoyle Fighter)        Turns: 1174, Time: 00:01:56

Health: 0/19       AC:  9    Str: 19    XL:     2   Next: 91%
Magic:  2/2        EV:  7    Int:  8    God:
Gold:   51         SH:  9    Dex:  9    Spells: 1/1 levels left

rFire    . . .     SeeInvis .   a - +0 flail
rCold    . . .     Faith    .   c - +0 kite shield
rNeg     + . .     Spirit   .   b - +0 scale mail
rPois    ∞         Reflect  .   (no helmet)
rElec    +         Harm     .   (no cloak)
rCorr    .         Rampage  .   (no gloves)
Will     .....                  (no boots)
Stlth    ..........             (no amulet)
HPRegen  0.06/turn              (no ring)
MPRegen  0.08/turn              (no ring)

@: no status effects
A: sickness immunity, AC +2, negative energy resistance 1, electricity
resistance, torment resistance 1, petrification resistance
a: no special abilities


You were on level 1 of the Dungeon.
You visited 1 branch of the dungeon, and saw 2 of its levels.

You collected 51 gold pieces.

Inventory:

Hand Weapons
 a - a +0 flail (weapon)
Missiles
 g - 4 stones (quivered)
Armour
 b - a +0 scale mail (worn)
 c - a +0 kite shield (worn)
Scrolls
 f - a scroll of identify {unknown}
Potions
 d - a potion of might
 e - a potion of curing {unknown}
 h - a potion of degeneration {unknown}


   Skills:
 + Level 3.5 Fighting
 * Level 2.4 Maces & Flails
 + Level 3.5 Armour
 + Level 0.4 Dodging
 + Level 3.5 Shields


You had one spell level left.
You didn't know any spells.
Your spell library was empty.

Dungeon Overview and Level Annotations

Branches:
Dungeon (2/15)

Altars:

Shops:
D:1 :


Innate Abilities, Weirdness & Mutations

You are immune to sickness and miasma.
Your stone body is resilient. (AC +2)
You are immune to poison.
You resist negative energy. (rN+)
You are resistant to electric shocks. (rElec)
You are resistant to unholy torment.
You are immune to petrification.


Message History

You closely miss the adder. The adder barely misses you.
You block the rat's attack. The adder bites you.
The rat bites you but does no damage.
You miss the adder. The adder bites you but does no damage.
The rat barely misses you. The adder bites you but does no damage.
You hit the adder.
The adder is lightly wounded.
The adder bites you but does no damage. The rat bites you.
* * * LOW HITPOINT WARNING * * *
The adder barely misses you. You block the rat's attack.
You closely miss the adder.
The adder is lightly wounded.
The adder bites you but does no damage. You block the rat's attack.
The adder closely misses you. The rat bites you but does no damage.
You closely miss the adder.
The adder is lightly wounded.
You block the adder's attack. The rat bites you but does no damage.
The adder bites you but does no damage.
You barely miss the adder.
The adder is lightly wounded.
The adder bites you but does no damage. The rat bites you but does no damage.
The adder bites you but does no damage. The rat closely misses you.
You closely miss the adder.
The adder is lightly wounded.
You block the adder's attack. The rat barely misses you.
You block the adder's attack.
You closely miss the adder.
The adder is lightly wounded.
The adder bites you but does no damage. The rat bites you but does no damage.
The adder bites you but does no damage. The rat bites you but does no damage.
You barely miss the adder.
The adder is lightly wounded.
The adder bites you but does no damage. The rat barely misses you.
You block the adder's attack.
You miss the adder.
The adder is lightly wounded.
The adder bites you.
* * * LOW HITPOINT WARNING * * *
You block the rat's attack. The adder bites you.
You die...

#........)..#
#......'#...###
####......'......#
).........#....#.#
###########....#.#
#......# ####...#
#####r.###
#.....@..#
#.....S..#
#....)...#
#........#
#........#
#........#
#........#
#........#
##########


You could see an adder and a rat.

Vanquished Creatures
  4 ball pythons (D:1)
  5 bats (D:1)
  2 endoplasms (D:1)
  3 goblins (D:1)
  3 quokkas (D:1)
  A frilled lizard (D:1)
  2 kobolds (D:1)
  2 rats (D:1)
22 creatures vanquished.

Notes
Turn   | Place    | Note
-------+----------+-------------------------------------------
     0 | D:1      | toffzen the Gargoyle Fighter began the quest for the Orb.
     0 | D:1      | Reached XP level 1. HP: 14/14 MP: 1/1
   433 | D:1      | Reached XP level 2. HP: 17/19 MP: 2/2
   559 | D:1      | Found Hegreff's Book Boutique.
  1174 | D:1      | Slain by an adder

Illustrated notes

Levels and vault maps discovered:
D:1:      kilobyte_arrival_exit_the_forest, layout_basic, serial_shops, shop
D:2:      layout_basic, chequers_ecumenical_altar_lobes

Action                   || total
-------------------------++-------
Melee: Flail             ||   106
Armor: Scale mail        ||    91
Dodge: Dodged            ||    46
Block: Kite shield       ||    72
